[Event "Titled Tuesday Blitz March 14 Early 2023"]
[White "Kopczynski, Michal"]
[Black "Klepikov, Nikita"]
[WhiteFideId "1124200"]
[BlackFideId "24145220"]
[WhiteElo "2212"]
[BlackElo "2025"]
[Result "0-1"]
[Round "08"]
[TimeControl "180+2"]
[Date "2023.03.14"]
[WhiteClock "0:00:44"]
[BlackClock "0:00:10"]

1. e4 c5 2. d4 cxd4 3. c3 dxc3 4. Nxc3 Nc6 5. f4 g6 6. Nf3 Bg7 7. Bc4 d6 8. O-O Nh6 9. Kh1 O-O 10. Qe1 Kh8 11. f5 e6 12. Ng5 exf5 13. Qh4 Ne5 14. Bb3 f6 15. Nh3 g5 16. Nxg5 fxg5 17. Bxg5 Bf6 18. Bxf6+ Qxf6 19. Qh3 f4 20. Qh5 Bg4 21. Nd5 Bxh5 22. Nxf6 Rxf6 23. Rac1 Nc6 24. Bd5 Rc8 25. b4 a6 26. a4 Re8 27. b5 axb5 28. axb5 Nd4 29. Bxb7 Rb8 30. Bc6 Nxc6 31. bxc6 Rc8 32. Rc3 Ng4 33. h3 Ne5 34. Rfc1 Rc7 35. Kg1 Be8 36. Rb1 Bxc6 37. Rb8+ Kg7 38. Rb6 Ra7 39. Rbxc6 Nxc6 40. Rxc6 Re7 41. Rc4 Rfe6 42. Rd4 Rxe4 43. Rxd6 R7e6 44. Rd7+ Kg6 45. Rd8 Re3 46. Kf2 Ra3 47. Rg8+ Kf7 48. Rh8 Kg7 49. Rb8 Rc6 50. Rb7+ Kg6 51. Rb4 Rc2+ 52. Kg1 Ra1+ 53. Kh2 f3 54. Rg4+ Kh5 55. Rg7 Rxg2+ 56. Rxg2 fxg2 57. Kxg2 Kh4 58. Kh2 Ra3 59. Kg2 Rxh3 60. Kg1 Kg3 61. Kf1 Rh1+ 62. Ke2 Rg1 63. Ke3 h5 64. Ke4 h4 65. Kf5 h3 66. Ke6 h2 67. Ke5 h1=Q 68. Kd6 Qh4 69. Kc5 Kf2 70. Kd5 Rg5+ 71. Ke6 Qh6+ 72. Kd7 Rg7+ 73. Ke8 Qh8# 0-1


[Site "https://www.chess.com"]

[Event "Titled Tuesday Blitz March 14 Early 2023"]
[White "Perez Rodriguez, Jennifer"]
[Black "Kozin, Yuri"]
[WhiteFideId "3507831"]
[BlackFideId "4129920"]
[WhiteElo "2170"]
[BlackElo "2517"]
[Result "0-1"]
[Round "08"]
[TimeControl "180+2"]
[Date "2023.03.14"]
[WhiteClock "0:00:47"]
[BlackClock "0:00:19"]

1. e4 c5 2. c3 Nf6 3. e5 Nd5 4. Nf3 e6 5. d4 cxd4 6. cxd4 b6 7. Bc4 Bb7 8. O-O d6 9. Qe2 Be7 10. Re1 O-O 11. Bd2 Nd7 12. Nc3 Nxc3 13. Bxc3 Rc8 14. Rad1 Re8 15. Bd3 Nf8 16. Be4 Bxe4 17. Qxe4 d5 18. Qg4 b5 19. a3 a5 20. Rd3 b4 21. axb4 axb4 22. Bd2 Rc2 23. b3 Qb6 24. Ng5 Qa6 25. Qf3 Bxg5 26. Bxg5 Rec8 27. h4 R2c3 28. Ree3 Qa1+ 29. Kh2 Rc1 30. h5 Rh1+ 31. Kg3 Qg1 32. Be7 Qh2+ 33. Kg4 Qxh5+ 34. Kg3 Qh2+ 35. Kg4 Ng6 36. Qh3 Qf4+ 0-1


[Site "https://www.chess.com"]

[Event "Titled Tuesday Blitz March 14 Early 2023"]
[White "Bolanos, Fernando"]
[Black "Wartiovaara, Oliver"]
[WhiteFideId "3304094"]
[BlackFideId "513024"]
[WhiteElo "2166"]
[BlackElo "2214"]
[Result "0-1"]
[Round "08"]
[TimeControl "180+2"]
[Date "2023.03.14"]
[WhiteClock "0:00:15"]
[BlackClock "0:00:05"]

1. e4 e5 2. Nf3 Nc6 3. Bc4 Bc5 4. O-O Nf6 5. d3 d6 6. c3 a6 7. a4 Ba7 8. Nbd2 h6 9. Re1 g5 10. Nf1 g4 11. N3d2 Nh7 12. b4 Qh4 13. Re2 Ng5 14. Nb3 Rg8 15. b5 Nf3+ 16. Kh1 Nxh2 17. g3 Qh3 18. Nxh2 Ne7 19. d4 Be6 20. Bxe6 fxe6 21. Be3 O-O-O 22. Na5 Rg5 23. Qf1 Qh5 24. Rb2 exd4 25. cxd4 axb5 26. Qxb5 Rxb5 27. Nb3 Rb4 0-1


[Site "https://www.chess.com"]

[Event "Titled Tuesday Blitz March 14 Early 2023"]
[White "Shubenkova, Veronika"]
[Black "Horak, Martin"]
[WhiteFideId "44124040"]
[BlackFideId "367095"]
[WhiteElo "2027"]
[BlackElo "2091"]
[Result "0-1"]
[Round "08"]
[TimeControl "180+2"]
[Date "2023.03.14"]
[WhiteClock "0:00:12"]
[BlackClock "0:00:03"]

1. e4 c5 2. Nc3 Nc6 3. g3 g6 4. Bg2 Bg7 5. d3 d6 6. f4 Rb8 7. Nf3 b5 8. Rb1 b4 9. Ne2 Nd4 10. Be3 e6 11. Nexd4 cxd4 12. Bxd4 Bxd4 13. Nxd4 Qb6 14. Nf3 Ne7 15. Qe2 O-O 16. Qf2 Qa5 17. O-O Qxa2 18. b3 Nc6 19. Nd4 Nxd4 20. Qxd4 Qa6 21. Ra1 Qb6 22. Qxb6 Rxb6 23. Rxa7 Rc6 24. Ra2 Bd7 25. Rf2 e5 26. Kf1 Rfc8 27. Ke1 Be6 28. f5 Bd7 29. g4 f6 30. Kd1 g5 31. Ra7 Be8 32. Rb7 Ra6 33. Rxb4 Ra1+ 34. Kd2 Bf7 35. Rf1 Ra2 36. Rc1 Rb2 37. Kd1 Rc3 38. Bf1 Rc7 39. h3 Kg7 40. c4 Ra7 41. Ra4 Rb7 42. Rc3 Rb1+ 43. Rc1 R1xb3 44. Ra6 Rb2 45. Be2 Be8 46. Rxd6 Ra2 47. Ke1 Rbb2 48. Bf1 Rh2 49. c5 Ba4 50. c6 Rhc2 51. Rxc2 Rxc2 52. d4 exd4 53. Rd7+ Kg8 54. Rxd4 Bxc6 55. Bd3 Rc5 56. Ke2 Kg7 57. Ke3 Re5 58. Rd6 Be8 59. Kd4 Re7 60. Kc5 Bf7 61. Kd4 Be8 62. Ke3 Bf7 63. Be2 Be8 64. Bf3 Bf7 65. Kf2 Be8 66. Kg3 Bf7 67. h4 h6 68. hxg5 hxg5 69. Kf2 Be8 70. Be2 Bf7 71. Ke3 Be8 72. Bc4 Ba4 73. Rd8 Bc2 74. Rg8+ Kh7 75. Rg6 Rxe4+ 76. Kd2 Rxc4 77. Rxf6 Be4 78. Rg6 Bf3 79. Rxg5 Bxg4 80. f6 Be6 81. Re5 Bf7 82. Kd3 Rf4 83. Re7 Kg6 84. Ke3 Rxf6 85. Ra7 Be6 86. Kd4 Kf5 87. Ra5+ Kf4 88. Ra6 Rg6 89. Rb6 Kf5 90. Rb5+ Kf6 91. Rb6 Rg4+ 92. Kc5 Ke5 93. Rb1 Rc4+ 94. Kb6 Bd5 95. Kb5 Kd6 96. Rd1 Rc8 97. Rd4 Rb8+ 98. Ka5 Kc5 0-1


[Site "https://www.chess.com"]

[Event "Titled Tuesday Blitz March 14 Early 2023"]
[White "Martic, Ivan"]
[Black "Lesbekova, Assel"]
[WhiteFideId "929301"]
[BlackFideId "13713248"]
[WhiteElo "2360"]
[BlackElo "1799"]
[Result "1-0"]
[Round "08"]
[TimeControl "180+2"]
[Date "2023.03.14"]
[WhiteClock "0:00:45"]
[BlackClock "0:00:14"]

1. d4 Nf6 2. Bg5 e6 3. Nd2 d5 4. e3 Be7 5. c3 c5 6. f4 b6 7. Ngf3 O-O 8. Ne5 Ne4 9. Nxe4 dxe4 10. Bxe7 Qxe7 11. Be2 Bb7 12. O-O f6 13. Ng4 Nd7 14. Bb5 Rad8 15. a4 Nb8 16. Bc4 a6 17. Qb3 Rd6 18. f5 Bd5 19. Rf4 Kh8 20. Raf1 Nc6 21. Bxd5 exd5 22. Kh1 Na5 23. Qc2 h6 24. Qe2 Qb7 25. Nf2 Rc8 26. Rh4 cxd4 27. exd4 b5 28. Ng4 Kh7 29. Qe3 Nc4 30. Qf4 Kg8 31. b3 Na5 32. Qxd6 Rxc3 33. Qd8+ Kh7 34. Qxa5 1-0


[Site "https://www.chess.com"]

[Event "Titled Tuesday Blitz March 14 Early 2023"]
[White "Cheng, Xiao"]
[Black "Torres Dominguez, David"]
[WhiteFideId "2022915"]
[BlackFideId "2220857"]
[WhiteElo "2475"]
[BlackElo "1999"]
[Result "0-1"]
[Round "08"]
[TimeControl "180+2"]
[Date "2023.03.14"]
[WhiteClock "0:01:51"]
[BlackClock "0:00:47"]

1. e4 e5 2. Nf3 Nc6 3. d4 exd4 4. Bc4 Bc5 5. c3 Nf6 6. e5 d5 7. Bb5 Ne4 8. cxd4 Bb6 9. O-O Bg4 10. Be3 O-O 11. Be2 f6 12. Nc3 fxe5 13. Nxe5 Nxe5 14. Bxg4 Nxg4 15. Qxg4 Nxc3 16. bxc3 Qf6 17. Rab1 Qf7 18. Rb5 c6 19. Rb3 Rae8 20. a4 Rxe3 21. h4 Re4 22. Qg3 Bc7 23. Qh3 Qxf2+ 24. Rxf2 Re1+ 25. Rf1 Rexf1# 0-1


[Site "https://www.chess.com"]

[Event "Titled Tuesday Blitz March 14 Early 2023"]
[White "ritanovikova"]
[Black "Buscar, Michael"]
[BlackFideId "2603616"]
[WhiteElo "2154"]
[BlackElo "2010"]
[Result "1-0"]
[Round "08"]
[TimeControl "180+2"]
[Date "2023.03.14"]
[WhiteClock "0:00:13"]
[BlackClock "0:00:04"]

1. e4 c6 2. d4 d6 3. Nc3 Nf6 4. h3 e5 5. Nf3 Qc7 6. Be3 Be7 7. Be2 Nbd7 8. Qd2 Nf8 9. O-O Ng6 10. a4 a5 11. d5 O-O 12. dxc6 bxc6 13. b3 Ba6 14. Bxa6 Rxa6 15. Qd3 Raa8 16. g3 Rfd8 17. Kg2 d5 18. exd5 cxd5 19. Nb5 Qb7 20. Qf5 d4 21. Bg5 h6 22. Bxf6 Bxf6 23. Kh2 e4 24. Nd2 e3 25. Ne4 Be5 26. f4 d3 27. fxe5 e2 28. cxd3 exf1=Q 29. Rxf1 Rxd3 30. e6 Rd5 31. exf7+ Kf8 32. Qxg6 Rc8 33. Rf2 Qe7 34. Qh7 Qe5 35. Qg8+ Ke7 36. Qxc8 Qxe4 37. f8=Q# 1-0


[Site "https://www.chess.com"]

[Event "Titled Tuesday Blitz March 14 Early 2023"]
[White "Garcia Pantoja, Roberto"]
[Black "Bas Mas, Jose Joaquin"]
[WhiteFideId "3509265"]
[BlackFideId "22219064"]
[WhiteElo "2544"]
[BlackElo "2233"]
[Result "1-0"]
[Round "08"]
[TimeControl "180+2"]
[Date "2023.03.14"]
[WhiteClock "0:00:30"]
[BlackClock "0:00:16"]

1. e4 e6 2. d4 d5 3. Nc3 Nf6 4. e5 Nfd7 5. Nce2 c5 6. c3 Nc6 7. Nf3 Be7 8. Nf4 O-O 9. Bd3 a5 10. h4 h6 11. Bb1 Re8 12. Rh3 cxd4 13. cxd4 Nf8 14. Nh5 f5 15. Rg3 g6 16. Bxh6 Kh7 17. Bxf8 Rxf8 18. Nf4 Qe8 19. Nxg6 Rg8 20. Nxe7 Rxg3 21. fxg3 Nxe7 22. Bd3 Bd7 23. Ng5+ Kg7 24. Rc1 Rc8 25. Rxc8 Nxc8 26. Qc2 Qd8 27. Qc5 b6 28. Qc3 Ne7 29. Kf2 Qc8 30. Nh3 Qxc3 31. bxc3 b5 32. a3 Ng8 33. Nf4 Nh6 34. Be2 Kf7 35. Ke3 Ke7 36. Kd2 Be8 37. Nd3 Bg6 38. Nf2 Be8 39. g4 fxg4 40. Bxg4 Bg6 41. Be2 Be8 42. g4 Kf7 43. Bd3 Ke7 44. Ke3 Nf7 45. Kf4 Nh8 46. h5 Kf7 47. g5 Kg7 48. Kg4 Nf7 49. Nh3 Bd7 50. Nf4 1-0


[Site "https://www.chess.com"]

[Event "Titled Tuesday Blitz March 14 Early 2023"]
[White "Shuvalov, Evgenij"]
[Black "Avazkhonov, Alikhon"]
[WhiteFideId "4187237"]
[BlackFideId "14208504"]
[WhiteElo "2080"]
[BlackElo "1739"]
[Result "0-1"]
[Round "08"]
[TimeControl "180+2"]
[Date "2023.03.14"]
[WhiteClock "0:00:14"]
[BlackClock "0:01:38"]

1. Nf3 d5 2. c4 d4 3. b4 Bg4 4. Ne5 Bf5 5. e3 dxe3 6. fxe3 e6 7. Qf3 c6 8. b5 Qc7 9. Bb2 Nf6 10. Be2 Bd6 11. d4 Be4 12. Qg3 O-O 13. O-O Nbd7 14. Nd2 Bg6 15. Ndf3 cxb5 16. cxb5 Qc2 17. Nc4 Bxg3 0-1


[Site "https://www.chess.com"]

[Event "Titled Tuesday Blitz March 14 Early 2023"]
[White "Bennett, Patrick"]
[Black "Fiorito, Joaquin"]
[WhiteFideId "1801228"]
[BlackFideId "180173"]
[WhiteElo "2368"]
[BlackElo "2157"]
[Result "0-1"]
[Round "08"]
[TimeControl "180+2"]
[Date "2023.03.14"]
[WhiteClock "0:01:21"]
[BlackClock "0:00:06"]

1. d4 Nf6 2. Bg5 Ne4 3. h4 h6 4. Bf4 d5 5. Nd2 Nf6 6. e3 c5 7. c3 Nc6 8. Bd3 Qb6 9. Qb3 c4 10. Qxb6 axb6 11. Bc2 b5 12. Ngf3 b4 13. Ne5 bxc3 14. bxc3 Nxe5 15. Bxe5 e6 16. a4 Be7 17. Ke2 Bd7 18. f3 Bc6 19. g4 Rg8 20. Bc7 Kd7 21. Bb6 Ne8 22. a5 Nd6 23. e4 Nb5 24. Nb1 g6 25. e5 Ra6 26. Ba4 Rga8 27. Bxb5 Bxb5 28. Nd2 Bd8 29. Rab1 Bc6 30. h5 g5 31. f4 Bxb6 32. axb6 gxf4 33. Kf3 Ra3 34. Rbc1 Rg8 35. Kxf4 Ra2 36. Nf3 Ba4 37. g5 hxg5+ 38. Nxg5 Rf2+ 39. Nf3 Bc2 40. Rcf1 Rfg2 41. h6 R8g4+ 42. Ke3 Re4# 0-1


[Site "https://www.chess.com"]

[Event "Titled Tuesday Blitz March 14 Early 2023"]
[White "Fathy, Elameir"]
[Black "Odegov, Artem"]
[WhiteFideId "10600396"]
[BlackFideId "34183644"]
[WhiteElo "2311"]
[BlackElo "2300"]
[Result "0-1"]
[Round "08"]
[TimeControl "180+2"]
[Date "2023.03.14"]
[WhiteClock "0:00:02"]
[BlackClock "0:01:58"]

1. d4 d5 2. c4 e6 3. Nf3 c5 4. cxd5 exd5 5. g3 Nc6 6. Bg2 Nf6 7. O-O Be7 8. dxc5 Bxc5 9. a3 a6 10. b4 Bb6 11. Nc3 O-O 12. Bg5 d4 13. Ne4 Re8 14. Nfd2 Bf5 15. Nxf6+ gxf6 16. Bh6 Bg6 17. Rc1 Rc8 18. Nc4 Ba7 19. Re1 b5 20. Nb2 Ne5 21. Qd2 Nc4 22. Nxc4 bxc4 23. Qf4 c3 24. Bb7 Rc7 25. Bxa6 Re4 26. Qf3 Re6 27. Bd3 Bb6 28. Bf4 Ra7 29. Bxg6 hxg6 30. Red1 Rxa3 31. h4 Qa8 32. Rd3 Qxf3 33. exf3 Rb3 0-1


[Site "https://www.chess.com"]

[Event "Titled Tuesday Blitz March 14 Early 2023"]
[White "Jaskolka, Tomasz"]
[Black "Sarkar, Justin"]
[WhiteFideId "1170791"]
[BlackFideId "2010011"]
[WhiteElo "2155"]
[BlackElo "2189"]
[Result "1-0"]
[Round "08"]
[TimeControl "180+2"]
[Date "2023.03.14"]
[WhiteClock "0:00:20"]
[BlackClock "0:00:01"]

1. d4 Nf6 2. Bf4 b6 3. e3 Bb7 4. c3 e6 5. Nd2 Bd6 6. Bg3 O-O 7. Ngf3 Re8 8. Bd3 Bf8 9. Qe2 d5 10. Ne5 Nfd7 11. f4 Nxe5 12. fxe5 a5 13. O-O g6 14. Qf3 Qd7 15. Rf2 Ba6 16. Bc2 c5 17. h4 Nc6 18. h5 Bh6 19. Bf4 g5 20. Qg4 Qe7 21. Nf3 Kh8 22. Bh2 Rg8 23. e4 Raf8 24. exd5 exd5 25. Qf5 f6 26. e6 Bc8 27. Bd6 Bxe6 28. Bxe7 Bxf5 29. Bxf8 Bxc2 30. Bxh6 1-0


[Site "https://www.chess.com"]

[Event "Titled Tuesday Blitz March 14 Early 2023"]
[White "Manukian, Artak"]
[Black "Jiganchine, Roman"]
[WhiteFideId "13301373"]
[BlackFideId "2603667"]
[WhiteElo "2130"]
[BlackElo "2323"]
[Result "1/2-1/2"]
[Round "08"]
[TimeControl "180+2"]
[Date "2023.03.14"]
[WhiteClock "0:00:12"]
[BlackClock "0:00:05"]

1. e4 c6 2. d4 d5 3. e5 Bf5 4. c4 e6 5. Nc3 Ne7 6. Nf3 Nd7 7. Nh4 dxc4 8. Bxc4 Nb6 9. Bb3 Bg6 10. Bg5 Qd7 11. O-O Ned5 12. Nxg6 hxg6 13. Ne4 Rh5 14. h4 a5 15. a3 a4 16. Ba2 Be7 17. Bxe7 Qxe7 18. Nd6+ Kf8 19. g3 Kg8 20. Kg2 Rf8 21. Bxd5 Nxd5 22. Qxa4 Rxh4 23. Rh1 Rh5 24. Qd1 Qg5 25. Rxh5 gxh5 26. Qf3 h4 27. Rh1 hxg3 28. fxg3 Qd2+ 29. Kg1 Qxd4+ 30. Kg2 Qxb2+ 31. Kh3 Qxe5 32. Nxb7 Ne3 33. Re1 Qf5+ 34. Qxf5 Nxf5 35. a4 Ra8 36. Ra1 Ra7 37. Nc5 Ne7 38. Kg4 Nd5 39. Kf3 Nb4 40. a5 Na6 41. Nd3 c5 42. Ke4 Rd7 43. Ne5 Rd4+ 44. Ke3 f6 45. Nd3 Kf7 46. Nxc5 Rd6 47. Nxa6 Rxa6 48. Kd4 e5+ 49. Kc5 Ke6 50. Kb5 Ra8 51. a6 f5 52. a7 f4 53. gxf4 exf4 54. Kb6 g5 55. Kb7 Rxa7+ 56. Kxa7 f3 57. Kb6 g4 58. Kc5 Ke5 59. Re1+ Kf4 60. Kd4 f2 61. Re8 g3 62. Rf8+ Kg4 63. Ke3 Kh3 64. Rxf2 gxf2 65. Kxf2 1/2-1/2


[Site "https://www.chess.com"]

[Event "Titled Tuesday Blitz March 14 Early 2023"]
[White "Kalajzic, Ivan"]
[Black "TimGrutter03"]
[WhiteFideId "14506378"]
[WhiteElo "2203"]
[BlackElo "2479"]
[Result "0-1"]
[Round "08"]
[TimeControl "180+2"]
[Date "2023.03.14"]
[WhiteClock "0:00:02"]
[BlackClock "0:00:06"]

1. b3 g6 2. Bb2 Nf6 3. Bxf6 exf6 4. c4 d5 5. cxd5 Qxd5 6. Nc3 Qa5 7. a3 c6 8. e3 Bg7 9. b4 Qd8 10. d4 O-O 11. Bc4 Nd7 12. Nge2 Nb6 13. Bb3 a5 14. O-O Qe7 15. b5 cxb5 16. Nxb5 Bd7 17. Nc7 Rac8 18. Nd5 Nxd5 19. Bxd5 Bb5 20. Qd2 Qd7 21. Bf3 b6 22. Rfc1 Rxc1+ 23. Rxc1 Rc8 24. Nc3 Bf8 25. Nd5 Rxc1+ 26. Qxc1 Qd6 27. Nc3 Bc6 28. a4 f5 29. Nb5 Bxb5 30. axb5 a4 31. Qc4 a3 32. Bd5 Qe7 33. g3 Kg7 34. Kg2 Qa7 35. h4 Be7 36. Kf3 Bf6 37. Kg2 h5 38. Kf3 Qa5 39. Kg2 Be7 40. Bxf7 Qa7 41. Bd5 Bf6 42. Kf3 Qe7 43. Kg2 Qd6 44. Bg8 Qe7 45. Bd5 Qd6 46. Bg8 Qf8 47. Bd5 Be7 48. Be6 Bd6 49. Bd5 Qe7 50. Be6 Kf6 51. Bg8 Qf8 52. Bd5 Qd8 53. Bf7 Be7 54. Qe6+ Kg7 55. Qc4 Kf8 56. Be6 Kg7 57. Bd5 Bf6 58. Bf7 Qe7 59. Be6 Qd8 60. Bf7 Qa8+ 61. Bd5 Qd8 62. Be6 Qe7 63. Bf7 Qd8 64. Bd5 Qe7 65. Kf3 Qd8 66. Bc6 Qe7 67. Bd5 Qd6 68. Qc6 Qxc6 69. bxc6 Bd8 70. e4 Kf6 71. e5+ Ke7 72. Bb3 Bc7 73. Kf4 b5 74. d5 b4 75. d6+ Bxd6 76. exd6+ Kxd6 77. Kg5 Kxc6 78. Kxg6 Kc5 79. Kxh5 Kd4 80. Kg6 Kc3 81. Be6 b3 82. Bxb3 Kxb3 83. h5 a2 84. h6 a1=Q 85. Kxf5 Qh8 86. Kg6 Qg8+ 87. Kh5 Qf7+ 88. Kg5 Kc4 89. f4 Kd5 90. g4 Ke4 91. f5 Kf3 92. Kh4 Kf4 93. Kh3 Kg5 94. Kg3 Kxh6 0-1


[Site "https://www.chess.com"]

[Event "Titled Tuesday Blitz March 14 Early 2023"]
[White "Botez, Alexandra"]
[Black "Senft, Sean"]
[WhiteFideId "2603365"]
[BlackFideId "2044960"]
[WhiteElo "2059"]
[BlackElo "1989"]
[Result "1-0"]
[Round "08"]
[TimeControl "180+2"]
[Date "2023.03.14"]
[WhiteClock "0:00:04"]
[BlackClock "0:00:02"]

1. d4 d5 2. Nf3 c6 3. g3 Nf6 4. Bg2 Bf5 5. O-O e6 6. c4 Nbd7 7. Nbd2 Be7 8. b3 O-O 9. Bb2 Ne4 10. Nxe4 Bxe4 11. Nd2 Bxg2 12. Kxg2 h5 13. f4 h4 14. Nf3 f5 15. e3 Kf7 16. Nxh4 Rh8 17. Nf3 Kg8 18. h4 Nf6 19. Ng5 Ne4 20. Nxe6 Qd7 21. Ng5 Bxg5 22. fxg5 Rf8 23. Ba3 Rf7 24. Rf3 g6 25. Qe2 Rfh7 26. cxd5 cxd5 27. Rc1 Nxg3 28. Rxg3 Rxh4 29. Kf3 Qe6 30. Qd3 Rh2 31. Rcg1 R8h4 32. R1g2 Rh1 33. Qc2 Re4 34. Qf2 Rd1 35. Rh2 1-0


[Site "https://www.chess.com"]

[Event "Titled Tuesday Blitz March 14 Early 2023"]
[White "Aanan, Shafiuddin"]
[Black "Matutururu, Maxman"]
[WhiteFideId "3242633"]
[BlackFideId "11004487"]
[WhiteElo "1648"]
[BlackElo "2441"]
[Result "1-0"]
[Round "08"]
[TimeControl "180+2"]
[Date "2023.03.14"]
[WhiteClock "0:01:04"]
[BlackClock "0:00:20"]

1. e4 c5 2. Nf3 d6 3. d3 Nc6 4. g3 g6 5. Bg2 Bg7 6. O-O e6 7. c3 Nge7 8. d4 O-O 9. Re1 cxd4 10. cxd4 d5 11. e5 Bd7 12. Nc3 Rb8 13. a4 Nb4 14. Bg5 f6 15. exf6 Bxf6 16. h4 Nf5 17. Qd2 Rc8 18. Bxf6 Qxf6 19. Ne5 Be8 20. Nb5 Nc2 21. Rac1 Bxb5 22. axb5 Nfxd4 23. Nd7 Qf5 24. Nxf8 Rxf8 25. Rxc2 Nxc2 26. Rxe6 d4 27. Rd6 Qe5 28. Rd5 Qc7 29. Bh3 Re8 30. Rd7 Qc5 31. Qh6 Re7 32. Be6+ Rxe6 33. Qxh7+ Kf8 34. Qf7# 1-0


[Site "https://www.chess.com"]

[Event "Titled Tuesday Blitz March 14 Early 2023"]
[White "Bochnicka, Vladimir"]
[Black "Larina, Maria"]
[WhiteFideId "14943450"]
[BlackFideId "24113182"]
[WhiteElo "2094"]
[BlackElo "1848"]
[Result "1-0"]
[Round "08"]
[TimeControl "180+2"]
[Date "2023.03.14"]
[WhiteClock "0:01:33"]
[BlackClock "0:01:34"]

1. e4 c6 2. d4 d5 3. e5 Bf5 4. h4 h5 5. c4 e6 6. cxd5 cxd5 7. Nc3 Nc6 8. Nf3 Qb6 9. Bd3 Bxd3 10. Qxd3 Nb4 11. Qd2 Ne7 12. O-O Nf5 13. a3 Nc6 14. Rd1 Be7 15. g3 Rc8 16. Qd3 Na5 17. Nxd5 exd5 18. Qxf5 Nb3 19. Qxc8+ Bd8 20. Bg5 f6 21. exf6 gxf6 22. Re1+ Kf7 23. Qd7+ Kg6 24. Re6 Rf8 25. Ne5+ Kf5 26. Rxb6+ Ke4 27. Rd1 Nxd4 28. Rxd4+ Kxd4 29. Nf3+ Ke4 30. Qe6+ Kxf3 31. Rb3# 1-0


[Site "https://www.chess.com"]

[Event "Titled Tuesday Blitz March 14 Early 2023"]
[White "Loiacono, Antonio"]
[Black "Zaksaite, Salomeja"]
[WhiteFideId "895415"]
[BlackFideId "12801496"]
[WhiteElo "2257"]
[BlackElo "2059"]
[Result "1/2-1/2"]
[Round "08"]
[TimeControl "180+2"]
[Date "2023.03.14"]
[WhiteClock "0:00:19"]
[BlackClock "0:00:28"]

1. e4 e5 2. Nf3 Nc6 3. Nc3 Nf6 4. Bb5 Bb4 5. O-O O-O 6. d3 d6 7. Ne2 a6 8. Ba4 h6 9. c3 Ba5 10. Ng3 Be6 11. h3 b5 12. Bc2 Bb6 13. d4 exd4 14. cxd4 Nb4 15. Bb1 d5 16. e5 Ne4 17. a3 Nc6 18. Nxe4 dxe4 19. Bxe4 Bd5 20. Bxd5 Qxd5 21. Be3 Rad8 22. Rc1 Nxd4 23. Nxd4 Bxd4 24. Bxd4 Qxd4 25. Qxd4 Rxd4 26. Rxc7 Rd2 27. Ra7 Rxb2 28. Rc1 Re2 29. f4 Rd8 30. Rcc7 Rdd2 31. Rxf7 Rxg2+ 32. Kf1 Rgf2+ 33. Kg1 Rg2+ 34. Kf1 Rgf2+ 35. Kg1 Rg2+ 1/2-1/2


[Site "https://www.chess.com"]

[Event "Titled Tuesday Blitz March 14 Early 2023"]
[White "Bilan, Danila"]
[Black "Fajdetic, Hrvoje"]
[WhiteFideId "24161918"]
[BlackFideId "14501945"]
[WhiteElo "2182"]
[BlackElo "2185"]
[Result "0-1"]
[Round "08"]
[TimeControl "180+2"]
[Date "2023.03.14"]
[WhiteClock "0:00:01"]
[BlackClock "0:00:16"]

1. d4 e6 2. Nf3 f5 3. g3 Nf6 4. Bg2 d5 5. O-O c6 6. c4 Bd6 7. Nc3 O-O 8. Bf4 Ne4 9. Ne5 b6 10. f3 Nxc3 11. bxc3 Bb7 12. e4 g5 13. Bd2 Bxe5 14. dxe5 dxc4 15. exf5 exf5 16. Qe2 b5 17. Rad1 Qe7 18. f4 g4 19. Be3 Na6 20. Rd6 Nc7 21. Bc5 Ne6 22. Ba3 Rae8 23. Rfd1 Qc7 24. Kh1 Qb6 25. Qc2 Nc5 26. Qf2 Nd3 27. Qxb6 axb6 28. R1xd3 cxd3 29. Rxd3 Rf7 30. Bd6 c5 31. Kg1 Bxg2 32. Kxg2 Ra7 33. Kf2 Rxa2+ 34. Ke3 Ra3 35. Bc7 b4 36. Bxb6 c4 37. Rd7 Rxc3+ 38. Ke2 Ra8 39. e6 Ra2+ 40. Kd1 Rd3+ 41. Rxd3 cxd3 42. Bd4 Re2 43. Be5 b3 44. Kc1 Kf8 0-1


[Site "https://www.chess.com"]

[Event "Titled Tuesday Blitz March 14 Early 2023"]
[White "Shevtchenko, Olesya"]
[Black "Smith, Garrett L"]
[WhiteFideId "24131890"]
[BlackFideId "2024829"]
[WhiteElo "2003"]
[BlackElo "2265"]
[Result "1-0"]
[Round "08"]
[TimeControl "180+2"]
[Date "2023.03.14"]
[WhiteClock "0:01:13"]
[BlackClock "0:00:55"]

1. e4 c5 2. Nf3 Nc6 3. d4 cxd4 4. Nxd4 e5 5. Nb5 d6 6. N1c3 a6 7. Na3 Be7 8. Nd5 Nf6 9. Bd3 Nxd5 10. exd5 Qa5+ 11. c3 Qxd5 12. O-O e4 13. Bc4 Qf5 14. Be3 Be6 15. f3 O-O 16. Bxe6 Qxe6 17. Nc2 Rfe8 18. Nd4 Nxd4 19. Bxd4 d5 20. Qb3 b5 21. fxe4 dxe4 22. Qxe6 fxe6 23. Rae1 Bd6 24. Rxe4 Re7 25. Rfe1 Rae8 26. Be5 Bxe5 27. Rxe5 g6 28. g4 Kg7 29. Kg2 h6 30. h4 Kf6 31. g5+ hxg5 32. hxg5+ Kg7 33. Kg3 Kf7 34. Rf1+ Kg7 35. Rd1 Kf7 36. Rd6 Ra8 37. Kf4 Raa7 38. Rc5 Ra8 39. a3 Raa7 40. Ke5 Rac7 41. Rdc6 Ra7 42. Rb6 Re8 43. Rcc6 Ree7 44. Rxe6 Re8 45. Rxe8 1-0


[Site "https://www.chess.com"]

[Event "Titled Tuesday Blitz March 14 Early 2023"]
[White "Martin, Lewis"]
[Black "Fernandez Siles, Luis"]
[WhiteFideId "410551"]
[BlackFideId "2209420"]
[WhiteElo "2145"]
[BlackElo "2186"]
[Result "0-1"]
[Round "08"]
[TimeControl "180+2"]
[Date "2023.03.14"]
[WhiteClock "0:00:47"]
[BlackClock "0:00:17"]

1. e4 c5 2. Nf3 Nc6 3. d4 cxd4 4. Nxd4 Nf6 5. Nc3 e5 6. Ndb5 d6 7. Bg5 a6 8. Na3 b5 9. Bxf6 gxf6 10. Nd5 f5 11. Bd3 Be6 12. c3 Bg7 13. O-O Bxd5 14. exd5 Ne7 15. c4 e4 16. Be2 Bxb2 17. Qb3 Bxa1 18. Rxa1 bxc4 19. Nxc4 O-O 20. Qg3+ Ng6 21. f3 Qf6 22. Rd1 f4 23. Qg4 exf3 24. Bxf3 Rac8 25. Nb6 Rc1 26. Rxc1 Qd4+ 27. Kh1 Qxb6 28. h4 Qe3 29. Rd1 Kh8 30. h5 Ne5 31. Qh3 Rg8 32. Rb1 Rg3 33. Rb8+ Kg7 34. h6+ Kf6 35. Qh4+ Rg5 36. Rg8 Nxf3 37. gxf3 Qg1# 0-1


[Site "https://www.chess.com"]

[Event "Titled Tuesday Blitz March 14 Early 2023"]
[White "Quirke, Jeffrey"]
[Black "Kraus, Tomas"]
[WhiteFideId "2013029"]
[BlackFideId "331708"]
[WhiteElo "2212"]
[BlackElo "2389"]
[Result "1-0"]
[Round "08"]
[TimeControl "180+2"]
[Date "2023.03.14"]
[WhiteClock "0:00:07"]
[BlackClock "0:00:08"]

1. e4 c5 2. Nc3 e6 3. Nge2 Nc6 4. g3 g6 5. d4 cxd4 6. Nxd4 Bg7 7. Be3 Nge7 8. Bg2 O-O 9. O-O d5 10. exd5 Nxd5 11. Nxd5 exd5 12. c4 dxc4 13. Nxc6 bxc6 14. Qxd8 Rxd8 15. Bxc6 Rb8 16. Bxa7 Rxb2 17. a4 c3 18. Be4 Ba6 19. Rfc1 Bd4 20. Bxd4 Rxd4 21. Bf3 Rdd2 22. Rxc3 Rxf2 23. h4 h5 24. a5 Kg7 25. Rd1 Be2 26. Bxe2 Rfxe2 27. Ra1 Rg2+ 28. Kh1 Rh2+ 29. Kg1 Rbg2+ 30. Kf1 Rb2 31. Kg1 Rhg2+ 32. Kh1 Rgc2 33. Rxc2 Rxc2 34. a6 Rc8 35. a7 Ra8 36. Kg2 Kf6 37. Kf3 Ke6 38. Ke4 Kd6 39. Ra6+ Kc5 40. Ke5 Kb5 41. Ra1 1-0


[Site "https://www.chess.com"]

[Event "Titled Tuesday Blitz March 14 Early 2023"]
[White "Kiseleva, Arina"]
[Black "Matveeva, Olga"]
[WhiteFideId "4164989"]
[BlackFideId "24107018"]
[WhiteElo "1756"]
[BlackElo "2056"]
[Result "0-1"]
[Round "08"]
[TimeControl "180+2"]
[Date "2023.03.14"]
[WhiteClock "0:00:03"]
[BlackClock "0:00:21"]

1. d4 d5 2. Nf3 Nf6 3. e3 e6 4. Bd3 c5 5. O-O Nc6 6. b3 Be7 7. Bb2 O-O 8. Ne5 Qc7 9. Nxc6 bxc6 10. dxc5 e5 11. b4 a5 12. a3 e4 13. Be2 Re8 14. Qd4 Bf8 15. Nd2 Ng4 16. Bxg4 Bxg4 17. c4 Rad8 18. Qc3 Qe7 19. cxd5 Rxd5 20. Nc4 Qh4 21. f3 exf3 22. gxf3 Rh5 23. Rf2 Bxf3 24. e4 Bxe4 25. Nd6 Rg5+ 26. Kf1 Rd8 27. Nxe4 Qxe4 28. Re1 Qh1+ 29. Ke2 Re8+ 30. Kd3 Qxe1 0-1


[Site "https://www.chess.com"]